 Dungeon Crawl Stone Soup version 0.29-a0-824-gd827844252 (webtiles) character file.

Game seed: 11138343402992648519

0 LynnLen the Vexing (level 1, 13/13 HPs)
             Began as a Vampire Enchanter on July 10, 2022.
             Quit the game on level 2 of the Dungeon.
             The game lasted 00:01:42 (172 turns).

LynnLen the Vexing (Vampire Enchanter)               Turns: 172, Time: 00:01:43

Health: 13/13      AC:  2    Str:  7    XL:     1   Next: 8%
Magic:  3/3        EV: 12    Int: 17    God:
Gold:   0          SH:  0    Dex: 14    Spells: 4/4 levels left

rFire   . . .      SeeInvis +   a - +1 dagger
rCold   . . .      Faith    .   (no shield)
rNeg    . . .      Spirit   .   b - +0 robe
rPois   .          Reflect  .   (no helmet)
rElec   .          Harm     .   (no cloak)
rCorr   .          Rampage  .   (no gloves)
Will    .....                   (no boots)
Stlth   +++.......              (no amulet)
HPRegen 0.24/turn               (no ring)
MPRegen 0.08/turn               (no ring)

@: healing quickly
A: alive, fangs 3, see invisible, vampiric 1
a: Exsanguinate


You were on level 2 of the Dungeon.
You visited 1 branch of the dungeon, and saw 2 of its levels.

Inventory:

Hand Weapons
 a - a +1 dagger (weapon)
Armour
 b - a +0 robe (worn)
Potions
 c - 2 potions of invisibility
 d - 2 potions of heal wounds {unknown}


   Skills:
 + Level 0.1 Fighting
 - Level 1.1 Short Blades
 - Level 2.1 Dodging
 - Level 4.4 Stealth
 - Level 2.0 Spellcasting
 - Level 4.4 Hexes


You had 4 spell levels left.
You didn't know any spells.
Your spell library contained the following spells:

 Spells                   Type           Power      Damage    Failure   Level
 Confusing Touch          Hex            16%        N/A       10%         3
 Tukima's Dance           Hex            16%        N/A       10%         3
 Ensorcelled Hibernation  Hex/Ice        18%        N/A       12%         2
 Dazzling Flash           Conj/Hex       18%        N/A       24%         3


Dungeon Overview and Level Annotations

Branches:
Dungeon (2/15)

Altars:


Innate Abilities, Weirdness & Mutations

Your natural rate of healing is accelerated.
You have razor-sharp teeth.
You have supernaturally acute eyesight. (SInv)
You are afflicted with vampirism.


Message History

Found a stone staircase leading down.
Found a gold piece.
Found a stone staircase leading down.
You see here a gold piece.
There is a stone staircase leading down here.
You can't go up here!
You climb downwards.
There is a stone staircase leading up here.
Found 2 glowing clear potions.
Found 2 lumpy sapphire potions.
d - 2 lumpy sapphire potions A giant cockroach comes into view.
A ball python comes into view.
Found 4 stones.
The giant cockroach waves its antennae.
Found 6 gold pieces.
The giant cockroach attacks as you move away!
The giant cockroach bites you.
Found 14 gold pieces.
The giant cockroach barely misses you.
The giant cockroach attacks as you move away!
The giant cockroach bites you.
The giant cockroach attacks as you move away!
The giant cockroach barely misses you.
The giant cockroach waves its antennae.
The giant cockroach barely misses you.
The giant cockroach attacks as you move away!
The giant cockroach closely misses you. The giant cockroach misses you.
The ball python hisses angrily.
You hit the ball python.
The ball python is moderately wounded.
The ball python closely misses you. The ball python grabs you.
The ball python constricts you. The giant cockroach closely misses you.
You hit the ball python.
You kill the ball python!
The giant cockroach barely misses you.
The giant cockroach attacks as you move away!
The giant cockroach barely misses you.
You see here a ball python corpse.
Are you sure you want to abandon this character and quit the game? (Confirm with "yes".)

#...###########.####.......#
#.......... #..##########.#
#...#####. #.##.. ..#.#
#...# # #.##.# ...#.# #...#
. # #.#.. S...#... #<..#
#.#.#.#.# #....##### #####
#.#.#.#.# (..... #.#.#.#.#
....... #.#.#.#@# .....
#.#.#.#B##.....
#.#.#.#.#......
#.#.#.#.#.....#
#.#.#.#.#.....#
#.#.#.#.#...... . # #.#..# .
#.##.# #.##.#


You could see a giant cockroach.

Vanquished Creatures
  A ball python (D:2)
1 creature vanquished.

Notes
Turn   | Place    | Note
-------+----------+-------------------------------------------
     0 | D:1      | LynnLen the Vampire Enchanter began the quest for the Orb.
     0 | D:1      | Reached XP level 1. HP: 13/13 MP: 3/3
   172 | D:2      | Quit the game

Illustrated notes

Levels and vault maps discovered:
D:1:      shiori_arrival_elements, layout_loops_ring,
          shapermc_ecumenical_altar_hornbeckon, minmay_misc_feat_tower
D:2:      layout_basic, serial_co_window_serial, co_window_corner_a,
          co_window_corner_a, co_window_paths_b, co_window_paths_a,
          co_window_paths_a, co_window_corner_a, co_window_corner_a,
          co_window_paths_a, co_window_paths_b, co_window_cross_2,
          co_window_paths_c, co_window_cross_3, co_window_broadway_a,
          co_window_cross_2, co_window_paths_d, glass_columns_b, glass_columns_c

Action                   || total
-------------------------++-------
Melee: Dagger            ||     2
Dodge: Dodged            ||     9

Table legend: (Time is in decaauts)
 A = Elapsed time spent in this place.
 B = Non-inter-level travel time spent in this place.
 C = Inter-level travel time spent in this place.
 D = Time resting spent in this place.
 E = Time spent auto-exploring this place.
 F = Levels seen in this place.
 G = Mean time per level.
                   A        B        C        D        E       F      G
               +--------+--------+--------+--------+--------+-----+--------+
         Total |    171 |    171 |      0 |      0 |      0 |   2 |   85.5 |
       Dungeon |    171 |    171 |      0 |      0 |      0 |   2 |   85.5 |
               +--------+--------+--------+--------+--------+-----+--------+

Top non-repeatable levels by time:
     D:1: 98 daAuts
     D:2: 73 daAuts
